 Dungeon Crawl Stone Soup version 0.30-a0-266-g2b27a225a3 (webtiles) character file.

Game seed: 10576659910670160591

79 Harunobu the Trooper (level 4, -5/29 HPs)
             Began as a Gargoyle Monk on Oct 14, 2022.
             Killed from afar by Terence (13 damage)
             ... with a puff of flame
             ... on level 3 of the Dungeon.
             The game lasted 00:03:53 (2400 turns).

Harunobu the Trooper (Gargoyle Monk)                Turns: 2400, Time: 00:03:54

Health: -5/29      AC: 13    Str: 22 (24) XL:     4   Next: 38%
Magic:  4/4        EV:  8    Int:  9 (11) God:
Gold:   134        SH:  0    Dex:  9 (12) Spells: 3/3 levels left

rFire   . . .      SeeInvis .    r - +2 halberd "Emeric" {freeze, *Noise rPois Str+8}
rCold   . . .      Faith    .    (shield currently unavailable)
rNeg    + . .      Spirit   .    u - +0 chain mail
rPois   ∞          Reflect  .    (no helmet)
rElec   +          Harm     .    s - +0 cloak
rCorr   .          Rampage  .    (no gloves)
Will    .....                    h - +0 pair of boots
Stlth   ..........               (no amulet)
HPRegen 0.24/turn                (no ring)
MPRegen 0.09/turn                (no ring)

@: no status effects
A: sickness immunity, AC +3, negative energy resistance 1, electricity
resistance, torment resistance 1, petrification resistance
a: no special abilities


You were on level 3 of the Dungeon.
You visited 1 branch of the dungeon, and saw 3 of its levels.

You collected 134 gold pieces.

Inventory:

Hand Weapons
 a - a +0 mace
 j - a +0 whip
 r - the +2 halberd "Emeric" (weapon) {freeze, *Noise rPois Str+8}
   (You found it on level 2 of the Dungeon)

   It freezes those it strikes, dealing additional cold damage.
   It can also slow down cold-blooded creatures.
   Str:       It affects your strength (+8).
   rPois:     It protects you from poison.
   *Noise:    It may make noises in combat.
Armour
 h - a +0 pair of boots (worn)
 s - a +0 cloak (worn)
 u - a +0 chain mail (worn)
Scrolls
 d - 2 scrolls of butterflies {unknown}
 g - 2 scrolls of teleportation {unknown}
 l - a scroll of summoning {unknown}
 q - a scroll of immolation {unknown}
 t - a scroll of blinking {unknown}
Potions
 c - a potion of ambrosia
 i - 2 potions of brilliance {unknown}
 k - 2 potions of curing {unknown}
 m - 2 potions of cancellation {unknown}
 n - a potion of haste {unknown}
 o - a potion of resistance {unknown}
 p - 2 potions of degeneration


   Skills:
 * Level 4.3 Fighting
 * Level 4.0 Maces & Flails
 + Level 2.7 Dodging
 + Level 2.4 Stealth


You had 3 spell levels left.
You didn't know any spells.
Your spell library was empty.

Dungeon Overview and Level Annotations

Branches:
Dungeon (3/15)

Altars:

Annotations:
D:3 Grinder, Terence


Innate Abilities, Weirdness & Mutations

You are immune to sickness and miasma.
Your stone body is resilient. (AC +3)
You are immune to poison.
You resist negative energy. (rN+)
You are resistant to electric shocks. (rElec)
You are resistant to unholy torment.
You are immune to petrification.


Message History

You see here a +0 chain mail.
Found 14 gold pieces and a scroll labelled EBRIH TAEWNOJEHEH.
You see here a +0 chain mail.
u - a +0 chain mail You start removing your armour.
You continue taking off your +0 robe. x4
You finish taking off your +0 robe.
You start putting on your armour.
You continue putting on your +0 chain mail. x5
You finish putting on your +0 chain mail.
You drop a +0 robe.
You drop a +0 pair of boots.
You drop a throwing net.
A dart slug comes into view.
A dart slug is nearby!
The dart slug launches a dart at you. The slug dart misses you.
Terence the Incautious comes into view.
He is wielding a +0 hand axe and carrying a wand of flame (21).
Terence shouts!
Terence zaps a wand.
The puff of flame hits you. Terence says, "How do you enjoy it?"
The dart slug launches a dart at you. The slug dart misses you.
The dart slug bites you but does no damage.
You hit the dart slug. You freeze the dart slug.
The dart slug is moderately wounded.
The dart slug bites you but does no damage.
You slash the dart slug! You freeze the dart slug.
You kill the dart slug!
Terence zaps a wand.
The puff of flame hits you.
You closely miss Terence. Terence hits you with a +0 hand axe.
Terence zaps a wand.
The puff of flame hits you!
You barely miss Terence. Terence barely misses you.
You barely miss Terence. Terence hits you with a +0 hand axe.
Terence hits you with a +0 hand axe!
* * * LOW HITPOINT WARNING * * *
It was a potion of degeneration.
There was something very wrong with that liquid.
You feel weakened.
You feel dopey.
You feel clumsy.
Terence zaps a wand.
The puff of flame hits you!
You die...

.).....#
###.#...# #.. #
## #.. .#
..###.. #.#
........ ..#
#.#..... ..#
#....... ..## ##
#?#....##...####
.#
#.#...@@$.......
.#
#.#.............
.#
#...............
.#
#.###..###..####
.# #..?........#
.# #...........#
.# #.###.......#
.# #(..........#
.# #...........#


You could see Terence.

Vanquished Creatures
  2 adders
  3 dart slugs
  An orc (D:3)
  3 endoplasms
  2 giant cockroaches
  5 hobgoblins
  A quokka (D:1)
  3 ball pythons (D:1)
  13 bats
  6 frilled lizards
  3 goblins
  6 kobolds
  5 rats
53 creatures vanquished.

Notes
Turn   | Place    | Note
-------+----------+-------------------------------------------
     0 | D:1      | Harunobu the Gargoyle Monk began the quest for the Orb.
     0 | D:1      | Reached XP level 1. HP: 14/14 MP: 1/1
   277 | D:1      | Reached XP level 2. HP: 19/20 MP: 2/2
   606 | D:1      | Reached XP level 3. HP: 24/24 MP: 3/3
  1840 | D:2      | Identified the +2 halberd "Emeric" {freeze, *Noise rPois
                  | Str+8}
  2080 | D:2      | Reached XP level 4. HP: 29/29 MP: 4/4
  2117 | D:3      | Noticed Grinder
  2310 | D:3      | Found a faded altar of an unknown god.
  2390 | D:3      | Noticed Terence
  2400 | D:3      | Killed from afar by Terence

Illustrated notes

Levels and vault maps discovered:
D:1:      nzn_arrival_crosshair, layout_basic, roderic_lattice_a
D:2:      layout_loops_ring, serial_forest, infiniplex_forest_lined_2,
          infiniplex_forest_straight_2, infiniplex_forest_clump_small,
          infiniplex_forest_fountain, infiniplex_forest_lined_2,
          infiniplex_forest_zigzag_1, infiniplex_forest_end_3,
          infiniplex_forest_lined_1, kennysheep_generic_room_9
D:3:      minmay_diamond_boxcup, layout_loops_ring,
          hellmonk_ecumenical_altar_lost_god, dk_noncrumbling_2, uniq_grinder,
          uniq_terence

Skill      XL: |  1  2  3  4 |
---------------+-------------+-----
Fighting       | 4 |  4.3
Maces & Flails | 4 |  4.0
Dodging        | |  2.7
Stealth        | |  2.4

Action                   |  1- 3 |  4- 6 || total
-------------------------+-------+-------++-------
Melee: Mace              |    76 |       ||    76
       Punch             |     1 |       ||     1
       Whip              |    51 |       ||    51
       Halberd           |     9 |    29 ||    38
  Use: Potion            |       |     1 ||     1
 Stab: Sleeping          |     5 |       ||     5
Armor: Robe              |    79 |     9 ||    88
       Chain mail        |       |     2 ||     2
Dodge: Dodged            |   111 |    22 ||   133

Table legend: (Time is in decaauts)
 A = Elapsed time spent in this place.
 B = Non-inter-level travel time spent in this place.
 C = Inter-level travel time spent in this place.
 D = Time resting spent in this place.
 E = Time spent auto-exploring this place.
 F = Levels seen in this place.
 G = Mean time per level.
                   A        B        C        D        E       F      G
               +--------+--------+--------+--------+--------+-----+--------+
         Total |   2434 |   2372 |     62 |    571 |   1241 |   3 |  811.3 |
       Dungeon |   2434 |   2372 |     62 |    571 |   1241 |   3 |  811.3 |
               +--------+--------+--------+--------+--------+-----+--------+

Top non-repeatable levels by time:
     D:1: 1163 daAuts
     D:2: 1025 daAuts
     D:3: 246 daAuts
